Golden Seals vs Ducks

Created - 4 janvier 2021 at 13:19

Goals
1 2 3 T
Golden Seals 0 1 0 1
Ducks 3 1 2 6
Shots
1 2 3 T
Golden Seals 14 10 6 30
Ducks 17 11 8 36

1st period

1. Ducks , Jean-Gabriel Pageau 5 (David Perron 11, Phillip Danault 6) at 1:28
2. Ducks , Patrik Laine 14 (Sean Couturier 4, Johnny Gaudreau 8) at 6:42
3. Ducks , Scott Mayfield 1 (Craig Smith 2, Johnny Gaudreau 9) at 14:25

Penalties :
No Penalty

2nd period

4. Ducks , Sean Couturier 6 (Kris Letang 2, Phillip Danault 7) at 0:17
5. Golden Seals , Oskar Lindblom 4 (Tyler Toffoli 2, Jonathan Toews 16) at 13:53 (PP)

Penalties :
Tom Wilson (ANA) for Hooking (Minor) at 2:34, Patrik Laine (ANA) for Interference (Minor) at 12:33, Olli Maatta (CLF) for Slashing (Minor) at 14:09

3rd period

6. Ducks , Pavel Buchnevich 4 (Johnny Gaudreau 10) at 2:18
7. Ducks , Sean Couturier 7 (David Savard 4, Kris Letang 3) at 13:00

Penalties :
Nick Cousins (CLF) for Interference (Minor) at 4:33, Zack Kassian (ANA) for Fighting (Major) at 6:58, Jaden Schwartz (CLF) for Fighting (Major) at 6:58, Max Domi (CLF) for Hooking (Minor) at 8:38, Valtteri Filppula (ANA) for Tripping (Minor) at 12:11, Max Domi (CLF) for Holding (Minor) at 12:44

Goalie Stats

Pheonix Copley (CLF), 30 saves from 36 shots - (0,833), L, 1-3-0, 60:00 minutes
Jacob Markstrom (ANA), 29 saves from 30 shots - (0,967), W, 9-7-3, 60:00 minutes

Players Stats for Golden Seals

Player Name              G  A  P  +/- PIM S  H  SB GA TA FO     MP     PP MP  PK MP  
------------------------------------------------------------------------------------
Barclay Goodrow          0  0  0  -1  0   2  0  0  1  0  5/8    11:51   0:24   3:22 
Cody Ceci                0  0  0  -2  0   1  0  0  0  2  0/0    17:41   0:00   3:26 
Colton Parayko           0  0  0  -2  0   1  0  2  0  4  0/0    22:02   2:14   0:41 
Jaden Schwartz           0  0  0  -1  5   5  1  1  1  0  0/2    17:56   1:49   0:10 
Jake McCabe              0  0  0  -2  0   0  0  1  1  2  0/0    23:55   0:00   3:36 
Jonathan Toews           0  1  1  -1  0   1  0  0  0  1  9/20   18:55   1:49   0:21 
Jordan Eberle            0  0  0  -2  0   1  0  0  1  0  0/1    15:28   1:46   0:00 
Max Domi                 0  0  0  -2  4   3  0  1  1  1  0/1    17:22   1:45   1:43 
Miles Wood               0  0  0  -1  0   2  0  0  2  1  0/0    11:26   0:00   3:12 
Nate Schmidt             0  0  0  -2  0   0  1  0  1  2  0/0    18:12   1:38   0:27 
Nick Cousins             0  0  0  -1  2   0  0  0  0  1  0/0     7:58   0:00   0:00 
Nick Suzuki              0  0  0  -2  0   2  0  0  1  0  3/4    14:14   1:38   2:30 
Olli Maatta              0  0  0  -2  2   1  0  1  0  0  0/0    18:49   0:00   1:56 
Oskar Lindblom           1  0  1  -2  0   2  1  0  0  0  0/0    12:34   2:14   0:00 
Robby Fabbri             0  0  0  -2  0   3  1  0  1  0  0/0    12:14   0:27   1:07 
Robert Hagg              0  0  0  -2  0   3  1  0  0  1  0/0    16:06   0:00   2:54 
Tyler Toffoli            0  1  1   0  0   2  2  1  0  0  1/2    17:50   1:49   0:00 
William Karlsson         0  0  0  -2  0   1  1  0  0  0  9/22   17:26   1:46   0:35 

Players Stats for Ducks

Player Name              G  A  P  +/- PIM S  H  SB GA TA FO     MP     PP MP  PK MP  
------------------------------------------------------------------------------------
Craig Smith              0  1  1   2  0   0  1  0  0  0  3/7    12:11   0:00   1:10 
David Perron             0  1  1   1  0   6  1  0  1  0  0/0    15:54   3:03   0:00 
David Savard             0  1  1   4  0   1  1  0  0  2  0/0    27:26   3:38   2:34 
Jean-Gabriel Pageau      1  0  1   1  0   4  1  0  2  0  3/7    16:44   3:03   0:39 
Johnny Gaudreau          0  3  3   2  0   2  1  0  3  0  0/0    11:39   0:10   0:00 
Kris Letang              0  2  2   4  0   3  2  1  1  2  0/0    27:26   3:38   2:34 
Neal Pionk               0  0  0   0  0   0  0  0  0  1  0/0    21:06   2:52   1:18 
Nick Leddy               0  0  0   0  0   0  0  2  0  1  0/0    21:06   2:52   1:18 
Nick Paul                0  0  0   0  0   2  2  0  0  1  0/2     7:18   0:00   0:00 
Patrik Laine             1  0  1   3  2   3  3  0  2  0  4/4    22:45   3:17   1:29 
Pavel Buchnevich         1  0  1   2  0   3  1  1  0  1  0/0    12:55   0:10   1:13 
Phillip Danault          0  2  2   2  0   1  2  1  1  0  1/3    20:47   3:17   0:39 
Scott Mayfield           1  0  1   2  0   1  0  1  0  0  0/0    11:28   0:00   0:00 
Sean Couturier           2  1  3   3  0   6  0  0  2  0  20/34  23:51   3:17   2:34 
Tom Wilson               0  0  0   1  2   3  6  0  2  0  0/0    16:15   3:03   0:00 
Torey Krug               0  0  0   2  0   0  0  1  0  0  0/0    11:28   0:00   0:00 
Valtteri Filppula        0  0  0   0  2   0  0  0  0  2  1/2     7:27   0:10   0:00 
Zack Kassian             0  0  0   0  5   1  2  0  1  0  1/1     6:52   0:00   0:00 

3 Stars

1 - Sean Couturier (ANA)
2 - Kris Letang (ANA)
3 - Johnny Gaudreau (ANA)

Power Play

Golden Seals - 1 on 3 Attempt(s) - 33,33%
Ducks - 0 on 4 Attempt(s) - 0,00%

Penalty Kill

Golden Seals - 4 on 4 Attempt(s) - 100,00% - Score 0 goal in Penalty Kill
Ducks - 2 on 3 Attempt(s) - 66,67% - Score 0 goal in Penalty Kill

Team Stat

Golden Seals - Hits : 8 - Faceoff Wins : 27 - Blocked Shots : 7 - Penalty Minutes : 13
Ducks - Hits : 23 - Faceoff Wins : 33 - Blocked Shots : 7 - Penalty Minutes : 11

Official

Referees : Conor O'Donnell and Steve Kozari
Linesman : Robb Harrell and Libor Suchanek

Game Notes

6:42 of 1st period - Ducks goal is going for a video replay. After video review, Goal.
Zack Kassian and Jaden Schwartz fight to a draw at 6:58 of 3rd period

Finance

Level 1 -- Attendance: 4987 (83,12%) -- Ticket Income 498 700 $
Level 2 -- Attendance: 5000 (100,00%) -- Ticket Income 300 000 $
Level 3 -- Attendance: 1962 (98,10%) -- Ticket Income 68 670 $
Level 4 -- Attendance: 3792 (94,80%) -- Ticket Income 75 840 $
Luxury Box -- Attendance: 734 (73,40%) -- Ticket Income 146 800 $
Game was played at the The Pound.
Total Attendance: 16475 (91,53%)
Total Ticket Income: 1 090 010 $
Other Income: 534 105 $
Total Income: 1 624 115 $

Golden Seals

5 vs 5 Forward 
   Center                   Left Wing                Right Wing               Time % Phy DF OF 
 1 Jonathan Toews           Tyler Toffoli            Jaden Schwartz           38     0   2  3  
 2 William Karlsson         Max Domi                 Jordan Eberle            32     0   2  3  
 3 Nick Suzuki              Oskar Lindblom           Robby Fabbri             20     0   2  3  
 4 Barclay Goodrow          Miles Wood               Nick Cousins             10     1   2  2  

5 vs 5 Defense 
   Defense                  Defense                                           Time % Phy DF OF 
 1 Colton Parayko           Jake McCabe                                       40     0   3  2  
 2 Nate Schmidt             Olli Maatta                                       33     0   3  2  
 3 Cody Ceci                Robert Hagg                                       27     1   3  1  
 4 Colton Parayko           Jake McCabe                                       0      1   2  2  

PowerPlay Forward 
   Center                   Left Wing                Right Wing               Time % Phy DF OF 
 1 Jonathan Toews           Tyler Toffoli            Jaden Schwartz           60     1   0  4  
 2 William Karlsson         Max Domi                 Jordan Eberle            40     1   0  4  

PowerPlay Defense
   Defense                  Defense                                           Time % Phy DF OF 
 1 Colton Parayko           Oskar Lindblom                                    60     0   1  4  
 2 Nate Schmidt             Nick Suzuki                                       40     0   1  4  

Penalty Kill 4 Players Forward 
   Center                   Wing                     Time % Phy DF OF 
 1 Barclay Goodrow          Miles Wood               65     1   3  1  
 2 William Karlsson         Jonathan Toews           35     1   3  1  

Penalty Kill 4 Players Defense
   Defense                  Defense                  Time % Phy DF OF 
 1 Cody Ceci                Jake McCabe              60     1   4  0  
 2 Olli Maatta              Robert Hagg              40     1   4  0  

Penalty Kill - 3 Players Forward 
   Forward                                           Time % Phy DF OF 
 1 Barclay Goodrow                                   60     1   4  0  
 2 Jonathan Toews                                    40     1   4  0  

Penalty Kill - 3 Players Defense
   Defense                  Defense                  Time % Phy DF OF 
 1 Cody Ceci                Jake McCabe              60     1   4  0  
 2 Cody Ceci                Jake McCabe              40     1   4  0  

4 vs 4 Forward 
   Center                   Wing                     Time % Phy DF OF 
 1 Jonathan Toews           Jaden Schwartz           55     0   2  3  
 2 William Karlsson         Tyler Toffoli            45     0   2  3  

4 vs 4 Defense
   Defense                  Defense                  Time % Phy DF OF 
 1 Colton Parayko           Jake McCabe              60     0   3  2  
 2 Nate Schmidt             Olli Maatta              40     0   3  2  

Last Minutes Offensive
   Center                   Left Wing                Right Wing               Defense                  Defense                  
   Jonathan Toews           Jaden Schwartz           Tyler Toffoli            Colton Parayko           Nate Schmidt             

Last Minutes Defensive
   Center                   Left Wing                Right Wing               Defense                  Defense                  
   Jonathan Toews           Barclay Goodrow          Miles Wood               Cody Ceci                Jake McCabe              

Goaltenders
Starting : Pheonix Copley           
Backup : Andrei Vasilevskiy       

Extra Forwards
Normal : Nick Suzuki, Oskar Lindblom, Miles Wood - PP : Barclay Goodrow, Robby Fabbri - PK : Nick Suzuki
Extra Defensemen
Normal : Nate Schmidt, Cody Ceci, Colton Parayko - PP : Cody Ceci - PK : Colton Parayko, Nate Schmidt
Penalty Shots
Jonathan Toews, William Karlsson, Jordan Eberle, Tyler Toffoli, Nick Cousins
Custom OT Lines Forwards
Jonathan Toews, William Karlsson, Jaden Schwartz, Tyler Toffoli, Jordan Eberle, Max Domi, Nick Suzuki, Miles Wood, Oskar Lindblom, Robby Fabbri
Custom OT Lines Defensemen
Colton Parayko, Nate Schmidt, Olli Maatta, Jake McCabe, Cody Ceci

Scratches
Erik Burgdoerfer (Healthy), Ondrej Kase (Healthy)

Ducks

5 vs 5 Forward 
   Center                   Left Wing                Right Wing               Time % Phy DF OF 
 1 Sean Couturier           Patrik Laine             Phillip Danault          40     1   2  2  
 2 Jean-Gabriel Pageau      David Perron             Tom Wilson               30     1   2  2  
 3 Craig Smith              Johnny Gaudreau          Pavel Buchnevich         20     1   2  2  
 4 Valtteri Filppula        Nick Paul                Zack Kassian             10     1   2  2  

5 vs 5 Defense 
   Defense                  Defense                                           Time % Phy DF OF 
 1 Kris Letang              David Savard                                      40     1   2  2  
 2 Nick Leddy               Neal Pionk                                        30     1   2  2  
 3 Torey Krug               Scott Mayfield                                    20     1   2  2  
 4 Kris Letang              David Savard                                      10     1   2  2  

PowerPlay Forward 
   Center                   Left Wing                Right Wing               Time % Phy DF OF 
 1 Sean Couturier           Patrik Laine             Phillip Danault          60     1   2  2  
 2 Jean-Gabriel Pageau      David Perron             Tom Wilson               40     1   2  2  

PowerPlay Defense
   Defense                  Defense                                           Time % Phy DF OF 
 1 Kris Letang              David Savard                                      60     1   2  2  
 2 Nick Leddy               Neal Pionk                                        40     1   2  2  

Penalty Kill 4 Players Forward 
   Center                   Wing                     Time % Phy DF OF 
 1 Sean Couturier           Patrik Laine             60     1   2  2  
 2 Phillip Danault          Jean-Gabriel Pageau      40     1   2  2  

Penalty Kill 4 Players Defense
   Defense                  Defense                  Time % Phy DF OF 
 1 Kris Letang              David Savard             60     1   2  2  
 2 Nick Leddy               Neal Pionk               40     1   2  2  

Penalty Kill - 3 Players Forward 
   Forward                                           Time % Phy DF OF 
 1 Sean Couturier                                    60     1   2  2  
 2 Patrik Laine                                      40     1   2  2  

Penalty Kill - 3 Players Defense
   Defense                  Defense                  Time % Phy DF OF 
 1 Kris Letang              David Savard             60     1   2  2  
 2 Nick Leddy               Neal Pionk               40     1   2  2  

4 vs 4 Forward 
   Center                   Wing                     Time % Phy DF OF 
 1 Sean Couturier           Patrik Laine             60     1   2  2  
 2 Phillip Danault          Jean-Gabriel Pageau      40     1   2  2  

4 vs 4 Defense
   Defense                  Defense                  Time % Phy DF OF 
 1 Kris Letang              David Savard             60     1   2  2  
 2 Nick Leddy               Neal Pionk               40     1   2  2  

Last Minutes Offensive
   Center                   Left Wing                Right Wing               Defense                  Defense                  
   Sean Couturier           Patrik Laine             Phillip Danault          Kris Letang              David Savard             

Last Minutes Defensive
   Center                   Left Wing                Right Wing               Defense                  Defense                  
   Sean Couturier           Patrik Laine             Phillip Danault          Kris Letang              David Savard             

Goaltenders
Starting : Jacob Markstrom          
Backup : Cal Petersen             

Extra Forwards
Normal : Johnny Gaudreau, Pavel Buchnevich, Craig Smith - PP : Johnny Gaudreau, Pavel Buchnevich - PK : Craig Smith
Extra Defensemen
Normal : Torey Krug, Scott Mayfield, Nick Leddy - PP : Torey Krug - PK : Scott Mayfield, Nick Leddy
Penalty Shots
Sean Couturier, Patrik Laine, Phillip Danault, Jean-Gabriel Pageau, David Perron
Custom OT Lines Forwards
Sean Couturier, Patrik Laine, Phillip Danault, Jean-Gabriel Pageau, David Perron, Tom Wilson, Johnny Gaudreau, Pavel Buchnevich, Craig Smith, Valtteri Filppula
Custom OT Lines Defensemen
Kris Letang, David Savard, Nick Leddy, Neal Pionk, Torey Krug

Scratches
None


% Time on Ice - Golden Seals

Lines # - Real PCT - Wanted PCT - Time Play
Normal Forward
1 - 35% - 38% - 16:43
2 - 29% - 32% - 13:46
3 - 21% - 20% - 9:57
4 - 16% - 10% - 7:46
Normal Defense
1 - 40% - 40% - 19:06
2 - 33% - 33% - 15:55
3 - 27% - 27% - 13:03
4 - 0% - 0% - 0:08
PP Forward
1 - 54% - 60% - 2:06
2 - 46% - 40% - 1:46
PP Defense
1 - 58% - 60% - 2:14
2 - 42% - 40% - 1:38
PK Forward
1 - 97% - 65% - 6:19
2 - 3% - 35% - 0:11
PK Defense
1 - 55% - 60% - 3:36
2 - 45% - 40% - 2:54
PK3 Forward
1 - 0% - 60%
2 - 0% - 40%
PK3 Defense
1 - 0% - 60%
2 - 0% - 40%
44 Forward
1 - 73% - 55% - 1:03
2 - 27% - 45% - 0:23
44 Defense
1 - 76% - 60% - 1:05
2 - 24% - 40% - 0:21
Last Minute Offensive  - 0:00
Last Minute Defensive  - 0:00
Total
Forward - 60:00
Defense - 60:00

% Time on Ice - Ducks

Lines # - Real PCT - Wanted PCT - Time Play
Normal Forward
1 - 35% - 40% - 17:02
2 - 27% - 30% - 12:51
3 - 23% - 20% - 11:01
4 - 15% - 10% - 7:18
Normal Defense
1 - 36% - 40% - 17:25
2 - 34% - 30% - 16:19
3 - 24% - 20% - 11:28
4 - 6% - 10% - 3:00
PP Forward
1 - 53% - 60% - 3:27
2 - 47% - 40% - 3:03
PP Defense
1 - 56% - 60% - 3:38
2 - 44% - 40% - 2:52
PK Forward
1 - 83% - 60% - 3:13
2 - 17% - 40% - 0:39
PK Defense
1 - 66% - 60% - 2:34
2 - 34% - 40% - 1:18
PK3 Forward
1 - 0% - 60%
2 - 0% - 40%
PK3 Defense
1 - 0% - 60%
2 - 0% - 40%
44 Forward
1 - 87% - 60% - 1:15
2 - 13% - 40% - 0:11
44 Defense
1 - 57% - 60% - 0:49
2 - 43% - 40% - 0:37
Last Minute Offensive  - 0:00
Last Minute Defensive  - 0:00
Total
Forward - 60:00
Defense - 60:00

Play-by-Play

1st period


0:01 of 1st period - Sean Couturier wins face-off versus Jaden Schwartz in neutral zone.
0:04 of 1st period - Backhand shot by Kris Letang.
0:04 of 1st period - Shot Blocked by Colton Parayko.
0:26 of 1st period - Colton Parayko is hit by Tom Wilson and loses puck.
0:49 of 1st period - Snap shot by Robby Fabbri.
0:49 of 1st period - Stopped by Jacob Markstrom with a rebound.
0:51 of 1st period - Slapshot by Olli Maatta.
0:51 of 1st period - Stopped by Jacob Markstrom without a rebound.
0:52 of 1st period - Zack Kassian wins face-off versus Barclay Goodrow in Ducks zone.
0:57 of 1st period - Wrist shot by Zack Kassian.
0:57 of 1st period - Stopped by Pheonix Copley without a rebound.
0:58 of 1st period - Barclay Goodrow wins face-off versus Valtteri Filppula in Golden Seals zone.
1:24 of 1st period - Snap shot by David Perron.
1:24 of 1st period - Shot Misses the Net.
1:26 of 1st period - Wrist shot by Jean-Gabriel Pageau.
1:26 of 1st period - Stopped by Pheonix Copley with a rebound.
1:28 of 1st period - Snap shot by Jean-Gabriel Pageau.
1:28 of 1st period - Goal by Jean-Gabriel Pageau - Golden Seals : 0 - Ducks : 1.
1:29 of 1st period - Sean Couturier wins face-off versus Jonathan Toews in neutral zone.
1:32 of 1st period - Olli Maatta is hit by Patrik Laine.
2:22 of 1st period - Wrist shot by Oskar Lindblom.
2:22 of 1st period - Shot Misses the Net.
2:36 of 1st period - Wrist shot by Miles Wood.
2:36 of 1st period - Stopped by Jacob Markstrom with a rebound.
2:38 of 1st period - Slapshot by Jake McCabe.
2:38 of 1st period - Shot Misses the Net.
2:40 of 1st period - Slapshot by Barclay Goodrow.
2:40 of 1st period - Shot Misses the Net.
2:42 of 1st period - Slapshot by Colton Parayko.
2:42 of 1st period - Stopped by Jacob Markstrom with a rebound.
2:44 of 1st period - Snap shot by Barclay Goodrow.
2:44 of 1st period - Stopped by Jacob Markstrom without a rebound.
2:45 of 1st period - Patrik Laine wins face-off versus Tyler Toffoli in Ducks zone.
2:52 of 1st period - Colton Parayko is hit by Kris Letang and loses puck.
4:15 of 1st period - Snap shot by Nick Paul.
4:15 of 1st period - Stopped by Pheonix Copley with a rebound.
4:23 of 1st period - Snap shot by Sean Couturier.
4:23 of 1st period - Shot Misses the Net.
4:39 of 1st period - Snap shot by Max Domi.
4:39 of 1st period - Shot Blocked by Nick Leddy.
4:41 of 1st period - Slapshot by Cody Ceci.
4:41 of 1st period - Shot Blocked by Nick Leddy.
5:25 of 1st period - Icing by Nate Schmidt.
5:26 of 1st period - Barclay Goodrow wins face-off versus Sean Couturier in Golden Seals zone.
6:40 of 1st period - Snap shot by Sean Couturier.
6:40 of 1st period - Shot Misses the Net.
6:42 of 1st period - Snap shot by Patrik Laine.
6:42 of 1st period - Ducks goal is going for a video replay.
6:42 of 1st period - The goal is good.
6:42 of 1st period - Goal by Patrik Laine - Golden Seals : 0 - Ducks : 2.
6:43 of 1st period - Patrik Laine wins face-off versus Jaden Schwartz in neutral zone.
6:50 of 1st period - Wrist shot by Patrik Laine.
6:50 of 1st period - Deflect By Sean Couturier.
6:50 of 1st period - Stopped by Pheonix Copley without a rebound.
6:51 of 1st period - Sean Couturier wins face-off versus Jonathan Toews in Golden Seals zone.
7:38 of 1st period - Off-side.
7:39 of 1st period - Jean-Gabriel Pageau wins face-off versus William Karlsson in neutral zone.
7:44 of 1st period - Snap shot by David Perron.
7:44 of 1st period - Stopped by Pheonix Copley with a rebound.
7:46 of 1st period - Snap shot by Jean-Gabriel Pageau.
7:46 of 1st period - Deflect By David Perron.
7:46 of 1st period - Shot Misses the Net.
7:46 of 1st period - Puck is out of play.
7:47 of 1st period - Jean-Gabriel Pageau wins face-off versus William Karlsson in Golden Seals zone.
7:48 of 1st period - Wrist shot by David Perron.
7:48 of 1st period - Stopped by Pheonix Copley without a rebound.
7:49 of 1st period - William Karlsson wins face-off versus Jean-Gabriel Pageau in Golden Seals zone.
8:06 of 1st period - Snap shot by Jordan Eberle.
8:06 of 1st period - Stopped by Jacob Markstrom without a rebound.
8:07 of 1st period - Jonathan Toews wins face-off versus Sean Couturier in Ducks zone.
8:10 of 1st period - Slapshot by Jonathan Toews.
8:10 of 1st period - Shot Blocked by Phillip Danault.
8:16 of 1st period - Snap shot by Phillip Danault.
8:16 of 1st period - Shot Blocked by Olli Maatta.
10:40 of 1st period - Colton Parayko is hit by Nick Paul and loses puck.
11:20 of 1st period - William Karlsson is hit by Phillip Danault and loses puck.
12:24 of 1st period - Wrist shot by David Perron.
12:24 of 1st period - Stopped by Pheonix Copley with a rebound.
12:36 of 1st period - Slapshot by Nick Suzuki.
12:36 of 1st period - Stopped by Jacob Markstrom with a rebound.
12:58 of 1st period - Snap shot by Tom Wilson.
12:58 of 1st period - Stopped by Pheonix Copley without a rebound.
12:59 of 1st period - Jonathan Toews wins face-off versus Sean Couturier in Golden Seals zone.
13:16 of 1st period - Snap shot by Jaden Schwartz.
13:16 of 1st period - Stopped by Jacob Markstrom without a rebound.
13:17 of 1st period - William Karlsson wins face-off versus Craig Smith in Ducks zone.
13:22 of 1st period - Slapshot by Max Domi.
13:22 of 1st period - Stopped by Jacob Markstrom without a rebound.
13:23 of 1st period - William Karlsson wins face-off versus Craig Smith in Ducks zone.
13:47 of 1st period - Icing by Colton Parayko.
13:48 of 1st period - Jonathan Toews wins face-off versus Sean Couturier in Golden Seals zone.
13:55 of 1st period - Snap shot by Jonathan Toews.
13:55 of 1st period - Shot Blocked by Torey Krug.
14:21 of 1st period - Wrist shot by Johnny Gaudreau.
14:21 of 1st period - Stopped by Pheonix Copley with a rebound.
14:23 of 1st period - Slapshot by Craig Smith.
14:23 of 1st period - Shot Misses the Net.
14:25 of 1st period - Slapshot by Scott Mayfield.
14:25 of 1st period - Goal by Scott Mayfield - Golden Seals : 0 - Ducks : 3.
14:26 of 1st period - Jonathan Toews wins face-off versus Phillip Danault in neutral zone.
15:18 of 1st period - Wrist shot by Oskar Lindblom.
15:18 of 1st period - Stopped by Jacob Markstrom without a rebound.
15:19 of 1st period - Nick Suzuki wins face-off versus Craig Smith in Ducks zone.
15:24 of 1st period - Snap shot by Oskar Lindblom.
15:24 of 1st period - Shot Misses the Net.
15:26 of 1st period - Slapshot by Robert Hagg.
15:26 of 1st period - Shot Misses the Net.
15:28 of 1st period - Slapshot by Robert Hagg.
15:28 of 1st period - Stopped by Jacob Markstrom without a rebound.
15:29 of 1st period - Sean Couturier wins face-off versus Jonathan Toews in Ducks zone.
15:29 of 1st period - Sean Couturier is hit by Jaden Schwartz.
15:37 of 1st period - Wrist shot by Phillip Danault.
15:37 of 1st period - Stopped by Pheonix Copley without a rebound.
15:38 of 1st period - Jonathan Toews wins face-off versus Sean Couturier in Golden Seals zone.
16:01 of 1st period - Wrist shot by Sean Couturier.
16:01 of 1st period - Shot Blocked by Tyler Toffoli.
16:05 of 1st period - Snap shot by Sean Couturier.
16:05 of 1st period - Shot Misses the Net.
16:07 of 1st period - Slapshot by Kris Letang.
16:07 of 1st period - Stopped by Pheonix Copley with a rebound.
16:09 of 1st period - Slapshot by Sean Couturier.
16:09 of 1st period - Stopped by Pheonix Copley with a rebound.
16:11 of 1st period - Wrist shot by Phillip Danault.
16:11 of 1st period - Shot Misses the Net.
16:13 of 1st period - Wrist shot by Sean Couturier.
16:13 of 1st period - Stopped by Pheonix Copley with a rebound.
17:15 of 1st period - Wrist shot by Jonathan Toews.
17:15 of 1st period - Stopped by Jacob Markstrom with a rebound.
17:33 of 1st period - Slapshot by Patrik Laine.
17:33 of 1st period - Stopped by Pheonix Copley with a rebound.
17:35 of 1st period - Wrist shot by Phillip Danault.
17:35 of 1st period - Deflect By Sean Couturier.
17:35 of 1st period - Shot Misses the Net.
17:35 of 1st period - Puck is out of play.
17:36 of 1st period - Jean-Gabriel Pageau wins face-off versus William Karlsson in Golden Seals zone.
18:03 of 1st period - Nick Leddy is hit by Robby Fabbri and loses puck.
18:58 of 1st period - Slapshot by William Karlsson.
18:58 of 1st period - Stopped by Jacob Markstrom with a rebound.
19:00 of 1st period - Slapshot by Robert Hagg.
19:00 of 1st period - Stopped by Jacob Markstrom with a rebound.
19:02 of 1st period - Wrist shot by Oskar Lindblom.
19:02 of 1st period - Shot Misses the Net.
19:44 of 1st period - Barclay Goodrow is hit by Craig Smith and loses puck.
Goals for this period are 0 for Golden Seals vs 3 for Ducks.
Shots for this period are 14 for Golden Seals vs 17 for Ducks.

2nd period


0:01 of 2nd period - Sean Couturier wins face-off versus William Karlsson in neutral zone.
0:08 of 2nd period - William Karlsson is hit by David Savard and loses puck.
0:13 of 2nd period - Snap shot by Phillip Danault.
0:13 of 2nd period - Shot Misses the Net.
0:15 of 2nd period - Wrist shot by Sean Couturier.
0:15 of 2nd period - Shot Misses the Net.
0:17 of 2nd period - Slapshot by Kris Letang.
0:17 of 2nd period - Deflect By Sean Couturier.
0:17 of 2nd period - Goal by Sean Couturier - Golden Seals : 0 - Ducks : 4.
0:18 of 2nd period - William Karlsson wins face-off versus Sean Couturier in neutral zone.
0:43 of 2nd period - Robert Hagg is hit by David Perron and loses puck.
0:54 of 2nd period - Jonathan Toews is hit by Tom Wilson.
0:58 of 2nd period - Jean-Gabriel Pageau is hit by Tyler Toffoli and loses puck.
2:34 of 2nd period - Minor Penalty to Tom Wilson for Hooking.
2:35 of 2nd period - Sean Couturier wins face-off versus William Karlsson in Ducks zone.
3:25 of 2nd period - Neal Pionk is hit by Oskar Lindblom and loses puck.
3:46 of 2nd period - Snap shot by Phillip Danault.
3:46 of 2nd period - Shot Misses the Net.
4:05 of 2nd period - William Karlsson is hit by Pavel Buchnevich and loses puck.
4:24 of 2nd period - Pavel Buchnevich is hit by Nate Schmidt and loses puck.
4:34 of 2nd period - Penalty to Tom Wilson is over, Tom Wilson is back on ice.
5:19 of 2nd period - Barclay Goodrow is hit by Zack Kassian and loses puck.
6:25 of 2nd period - Jordan Eberle is hit by Patrik Laine and loses puck.
6:56 of 2nd period - Icing by David Savard.
6:57 of 2nd period - Craig Smith wins face-off versus Jonathan Toews in Ducks zone.
7:10 of 2nd period - Snap shot by Tom Wilson.
7:10 of 2nd period - Stopped by Pheonix Copley without a rebound.
7:11 of 2nd period - Phillip Danault wins face-off versus William Karlsson in Golden Seals zone.
8:06 of 2nd period - Snap shot by Jean-Gabriel Pageau.
8:06 of 2nd period - Stopped by Pheonix Copley with a rebound.
8:31 of 2nd period - Snap shot by Nick Suzuki.
8:31 of 2nd period - Stopped by Jacob Markstrom with a rebound.
9:26 of 2nd period - Wrist shot by Barclay Goodrow.
9:26 of 2nd period - Shot Misses the Net.
9:28 of 2nd period - Slapshot by Robert Hagg.
9:28 of 2nd period - Stopped by Jacob Markstrom without a rebound.
9:29 of 2nd period - Patrik Laine wins face-off versus Jonathan Toews in Ducks zone.
10:22 of 2nd period - Oskar Lindblom is hit by Kris Letang and loses puck.
12:12 of 2nd period - Nick Leddy is hit by Robert Hagg and loses puck.
12:33 of 2nd period - Minor Penalty to Patrik Laine for Interference.
12:34 of 2nd period - Jonathan Toews wins face-off versus Sean Couturier in Ducks zone.
12:38 of 2nd period - Slapshot by Jaden Schwartz.
12:38 of 2nd period - Stopped by Jacob Markstrom without a rebound.
12:39 of 2nd period - Sean Couturier wins face-off versus Jonathan Toews in Ducks zone.
13:27 of 2nd period - Backhand shot by Jaden Schwartz.
13:27 of 2nd period - Stopped by Jacob Markstrom without a rebound.
13:28 of 2nd period - Craig Smith wins face-off versus Max Domi in Ducks zone.
13:49 of 2nd period - Wrist shot by Jonathan Toews.
13:49 of 2nd period - Deflect By Tyler Toffoli.
13:49 of 2nd period - Stopped by Jacob Markstrom with a rebound.
13:51 of 2nd period - Snap shot by Tyler Toffoli.
13:51 of 2nd period - Stopped by Jacob Markstrom with a rebound.
13:53 of 2nd period - Slapshot by Oskar Lindblom.
13:53 of 2nd period - Goal by Oskar Lindblom - Golden Seals : 1 - Ducks : 4.
13:54 of 2nd period - William Karlsson wins face-off versus Jean-Gabriel Pageau in neutral zone.
14:07 of 2nd period - Slapshot by Kris Letang.
14:07 of 2nd period - Stopped by Pheonix Copley with a rebound.
14:09 of 2nd period - Minor Penalty to Olli Maatta for Slashing.
14:10 of 2nd period - Sean Couturier wins face-off versus Barclay Goodrow in Golden Seals zone.
14:43 of 2nd period - Barclay Goodrow is hit by Tom Wilson and loses puck.
14:58 of 2nd period - Robert Hagg is hit by Tom Wilson and loses puck.
15:43 of 2nd period - Max Domi is hit by Tom Wilson and loses puck.
16:09 of 2nd period - Penalty to Olli Maatta is over, Olli Maatta is back on ice.
16:51 of 2nd period - Wrist shot by Robby Fabbri.
16:51 of 2nd period - Stopped by Jacob Markstrom without a rebound.
16:52 of 2nd period - Valtteri Filppula wins face-off versus Jonathan Toews in Ducks zone.
16:57 of 2nd period - Snap shot by Nick Paul.
16:57 of 2nd period - Stopped by Pheonix Copley without a rebound.
16:58 of 2nd period - Jonathan Toews wins face-off versus Nick Paul in Golden Seals zone.
17:05 of 2nd period - Snap shot by Jaden Schwartz.
17:05 of 2nd period - Shot Blocked by Kris Letang.
17:37 of 2nd period - Backhand shot by David Perron.
17:37 of 2nd period - Stopped by Pheonix Copley without a rebound.
17:38 of 2nd period - William Karlsson wins face-off versus Sean Couturier in Golden Seals zone.
17:53 of 2nd period - Slapshot by Max Domi.
17:53 of 2nd period - Stopped by Jacob Markstrom without a rebound.
17:54 of 2nd period - Nick Suzuki wins face-off versus Jean-Gabriel Pageau in Ducks zone.
18:07 of 2nd period - Snap shot by Kris Letang.
18:07 of 2nd period - Shot Misses the Net.
18:09 of 2nd period - Wrist shot by Jean-Gabriel Pageau.
18:09 of 2nd period - Stopped by Pheonix Copley without a rebound.
18:10 of 2nd period - Sean Couturier wins face-off versus William Karlsson in Golden Seals zone.
18:37 of 2nd period - Jaden Schwartz is hit by Jean-Gabriel Pageau and loses puck.
18:44 of 2nd period - Snap shot by Tom Wilson.
18:44 of 2nd period - Stopped by Pheonix Copley without a rebound.
18:45 of 2nd period - Sean Couturier wins face-off versus William Karlsson in Golden Seals zone.
18:54 of 2nd period - Wrist shot by Patrik Laine.
18:54 of 2nd period - Shot Misses the Net.
18:56 of 2nd period - Snap shot by Phillip Danault.
18:56 of 2nd period - Shot Misses the Net.
19:26 of 2nd period - Snap shot by Jaden Schwartz.
19:26 of 2nd period - Shot Blocked by Pavel Buchnevich.
19:40 of 2nd period - Slapshot by Miles Wood.
19:40 of 2nd period - Deflect By Barclay Goodrow.
19:40 of 2nd period - Stopped by Jacob Markstrom with a rebound.
19:48 of 2nd period - Snap shot by David Perron.
19:48 of 2nd period - Stopped by Pheonix Copley without a rebound.
19:49 of 2nd period - Sean Couturier wins face-off versus William Karlsson in Golden Seals zone.
19:52 of 2nd period - Snap shot by Sean Couturier.
19:52 of 2nd period - Shot Blocked by Max Domi.
19:54 of 2nd period - Snap shot by David Savard.
19:54 of 2nd period - Deflect By Olli Maatta.
19:54 of 2nd period - Stopped by Pheonix Copley with a rebound.
19:56 of 2nd period - Snap shot by Kris Letang.
19:56 of 2nd period - Stopped by Pheonix Copley without a rebound.
19:57 of 2nd period - Sean Couturier wins face-off versus William Karlsson in Golden Seals zone.
Goals for this period are 1 for Golden Seals vs 1 for Ducks.
Shots for this period are 10 for Golden Seals vs 11 for Ducks.

3rd period


0:01 of 3rd period - Sean Couturier wins face-off versus William Karlsson in neutral zone.
1:16 of 3rd period - Wrist shot by Miles Wood.
1:16 of 3rd period - Stopped by Jacob Markstrom without a rebound.
1:17 of 3rd period - Sean Couturier wins face-off versus William Karlsson in Ducks zone.
1:23 of 3rd period - Off-side.
1:24 of 3rd period - Sean Couturier wins face-off versus William Karlsson in neutral zone.
2:16 of 3rd period - Wrist shot by Johnny Gaudreau.
2:16 of 3rd period - Stopped by Pheonix Copley with a rebound.
2:18 of 3rd period - Snap shot by Pavel Buchnevich.
2:18 of 3rd period - Goal by Pavel Buchnevich - Golden Seals : 1 - Ducks : 5.
2:19 of 3rd period - William Karlsson wins face-off versus Phillip Danault in neutral zone.
2:46 of 3rd period - Jordan Eberle is hit by Johnny Gaudreau and loses puck.
2:53 of 3rd period - Slapshot by Jake McCabe.
2:53 of 3rd period - Shot Misses the Net.
2:55 of 3rd period - Wrist shot by Max Domi.
2:55 of 3rd period - Stopped by Jacob Markstrom without a rebound.
2:56 of 3rd period - Patrik Laine wins face-off versus Jonathan Toews in Ducks zone.
2:56 of 3rd period - Patrik Laine is hit by Tyler Toffoli.
3:06 of 3rd period - Snap shot by Jaden Schwartz.
3:06 of 3rd period - Stopped by Jacob Markstrom without a rebound.
3:07 of 3rd period - Jonathan Toews wins face-off versus Sean Couturier in Ducks zone.
3:08 of 3rd period - Wrist shot by Jaden Schwartz.
3:08 of 3rd period - Shot Misses the Net.
3:34 of 3rd period - Tom Wilson is hit by William Karlsson and loses puck.
4:33 of 3rd period - Minor Penalty to Nick Cousins for Interference.
4:34 of 3rd period - Barclay Goodrow wins face-off versus Sean Couturier in Golden Seals zone.
4:51 of 3rd period - Snap shot by Sean Couturier.
4:51 of 3rd period - Shot Blocked by Jake McCabe.
6:33 of 3rd period - Penalty to Nick Cousins is over, Nick Cousins is back on ice.
6:38 of 3rd period - Jake McCabe is hit by Patrik Laine and loses puck.
6:55 of 3rd period - Snap shot by Jaden Schwartz.
6:55 of 3rd period - Stopped by Jacob Markstrom with a rebound.
6:57 of 3rd period - Slapshot by Cody Ceci.
6:57 of 3rd period - Stopped by Jacob Markstrom without a rebound.
6:58 of 3rd period - Tyler Toffoli wins face-off versus Nick Paul in Ducks zone.
6:58 of 3rd period - Zack Kassian and Jaden Schwartz fight to a draw.
6:58 of 3rd period - Penalty to Zack Kassian for Fighting.
6:58 of 3rd period - Penalty to Jaden Schwartz for Fighting.
6:59 of 3rd period - William Karlsson wins face-off versus Sean Couturier in Ducks zone.
7:02 of 3rd period - Snap shot by Jordan Eberle.
7:02 of 3rd period - Shot Misses the Net.
7:47 of 3rd period - Slapshot by Neal Pionk.
7:47 of 3rd period - Deflect By Pavel Buchnevich.
7:47 of 3rd period - Shot Misses the Net.
7:47 of 3rd period - Puck is out of play.
7:48 of 3rd period - Barclay Goodrow wins face-off versus Craig Smith in Golden Seals zone.
8:17 of 3rd period - Icing by Kris Letang.
8:18 of 3rd period - Sean Couturier wins face-off versus Jordan Eberle in Ducks zone.
8:38 of 3rd period - Minor Penalty to Max Domi for Hooking.
8:39 of 3rd period - Sean Couturier wins face-off versus Barclay Goodrow in Golden Seals zone.
10:38 of 3rd period - Penalty to Max Domi is over, Max Domi is back on ice.
10:44 of 3rd period - Icing by Jonathan Toews.
10:45 of 3rd period - Craig Smith wins face-off versus Jonathan Toews in Golden Seals zone.
11:00 of 3rd period - Wrist shot by Johnny Gaudreau.
11:00 of 3rd period - Shot Misses the Net.
11:12 of 3rd period - Wrist shot by William Karlsson.
11:12 of 3rd period - Shot Blocked by Scott Mayfield.
11:44 of 3rd period - Olli Maatta is hit by Nick Paul and loses puck.
12:11 of 3rd period - Minor Penalty to Valtteri Filppula for Tripping.
12:12 of 3rd period - Sean Couturier wins face-off versus Jonathan Toews in Ducks zone.
12:44 of 3rd period - Minor Penalty to Max Domi for Holding.
12:45 of 3rd period - Sean Couturier wins face-off versus Jonathan Toews in Golden Seals zone.
12:56 of 3rd period - Wrist shot by Patrik Laine.
12:56 of 3rd period - Shot Misses the Net.
12:58 of 3rd period - Slapshot by Kris Letang.
12:58 of 3rd period - Shot Blocked by Colton Parayko.
13:00 of 3rd period - Slapshot by David Savard.
13:00 of 3rd period - Deflect By Sean Couturier.
13:00 of 3rd period - Goal by Sean Couturier - Golden Seals : 1 - Ducks : 6.
13:01 of 3rd period - Jonathan Toews wins face-off versus Sean Couturier in neutral zone.
14:11 of 3rd period - Penalty to Valtteri Filppula is over, Valtteri Filppula is back on ice.
14:20 of 3rd period - Wrist shot by Pavel Buchnevich.
14:20 of 3rd period - Stopped by Pheonix Copley without a rebound.
14:21 of 3rd period - Barclay Goodrow wins face-off versus Jean-Gabriel Pageau in Golden Seals zone.
14:36 of 3rd period - Wrist shot by Tom Wilson.
14:36 of 3rd period - Shot Misses the Net.
14:38 of 3rd period - Snap shot by Tom Wilson.
14:38 of 3rd period - Shot Misses the Net.
14:44 of 3rd period - Penalty to Max Domi is over, Max Domi is back on ice.
14:52 of 3rd period - Wrist shot by Sean Couturier.
14:52 of 3rd period - Stopped by Pheonix Copley without a rebound.
14:53 of 3rd period - William Karlsson wins face-off versus Sean Couturier in Golden Seals zone.
14:58 of 3rd period - Wrist shot by Patrik Laine.
14:58 of 3rd period - Stopped by Pheonix Copley with a rebound.
15:20 of 3rd period - Tyler Toffoli is hit by Tom Wilson and loses puck.
15:43 of 3rd period - Wrist shot by Pavel Buchnevich.
15:43 of 3rd period - Stopped by Pheonix Copley without a rebound.
15:44 of 3rd period - Nick Suzuki wins face-off versus Sean Couturier in Golden Seals zone.
16:11 of 3rd period - Snap shot by Pavel Buchnevich.
16:11 of 3rd period - Shot Misses the Net.
16:33 of 3rd period - Robby Fabbri is hit by Zack Kassian and loses puck.
17:08 of 3rd period - Snap shot by David Perron.
17:08 of 3rd period - Stopped by Pheonix Copley with a rebound.
17:53 of 3rd period - Snap shot by Miles Wood.
17:53 of 3rd period - Shot Misses the Net.
18:41 of 3rd period - Nick Cousins is hit by Phillip Danault and loses puck.
19:29 of 3rd period - Wrist shot by David Perron.
19:29 of 3rd period - Shot Blocked by Jaden Schwartz.
19:39 of 3rd period - Snap shot by Robby Fabbri.
19:39 of 3rd period - Stopped by Jacob Markstrom without a rebound.
19:40 of 3rd period - Sean Couturier wins face-off versus Nick Suzuki in Ducks zone.
Goals for this period are 0 for Golden Seals vs 2 for Ducks.
Shots for this period are 6 for Golden Seals vs 8 for Ducks.